 Dungeon Crawl Stone Soup version 0.30.1-4-g462c640d31 (webtiles) character file.

Game seed: 10098972746800101801

772 Babbit the Chopper (level 7, -7/61 HPs)
             Began as a Minotaur Fighter on Sept 12, 2023.
             Mangled by a gnoll sergeant
             ... wielding a +1 trident of venom
              (10 damage)
             ... on level 5 of the Dungeon.
             The game lasted 00:11:09 (3941 turns).

Babbit the Chopper (Minotaur Fighter)               Turns: 3941, Time: 00:11:09

Health: -7/61      AC: 12    Str: 23    XL:     7   Next: 53%
Magic:  6/6        EV: 10    Int:  5    God:
Gold:   238        SH:  0    Dex:  9    Spells: 6/6 levels left

rFire   . . .        a - +1 war axe
rCold   . . .        c - +0 buckler
rNeg    . . .        b - +0 scale mail
rPois   .            (helmet restricted)
rElec   .            p - +1 cloak
rCorr   .            (no gloves)
SInv    .            D - +1 pair of boots
Will    .....        (no amulet) Stlth
                     (no ring)
HPRegen 0.30/turn    (no ring)
MPRegen 0.10/turn

%: no passive effects
@: confused, lethally poisoned (-7 -> -19), ambrosia-drunk
A: horns 2, retaliatory headbutt
a: no special abilities


You were on level 5 of the Dungeon.
You visited 1 branch of the dungeon, and saw 5 of its levels.

You collected 288 gold pieces.
You spent 50 gold pieces at shops.

Inventory:

Hand Weapons
 a - a +1 war axe (weapon)
Missiles
 s - 4 boomerangs of dispersal (quivered)
Armour
 b - a +0 scale mail (worn)
 c - a +0 buckler (worn)
 p - a +1 cloak (worn)
 D - a +1 pair of boots (worn)
Jewellery
 G - a ring of ice
Wands
 x - a wand of flame (29)
Scrolls
 e - a scroll of identify {unknown}
 i - 3 scrolls of enchant armour
 k - a scroll of amnesia {unknown}
 m - a scroll of brand weapon {unknown}
 o - 3 scrolls of poison {unknown}
 t - a scroll of enchant weapon
 u - a scroll of torment {unknown}
 w - a scroll of fear {unknown}
 y - a scroll of butterflies {unknown}
 B - a scroll of teleportation {unknown}
 C - a scroll of immolation {unknown}
 F - a scroll of fog {unknown}
Potions
 d - a potion of might
 f - a potion of brilliance {unknown}
 g - a potion of mutation {unknown}
 h - 2 potions of cancellation
 j - a potion of attraction {unknown}
 l - a potion of heal wounds
 n - a potion of lignification {unknown}
 q - a potion of berserk rage {unknown}
 r - 2 potions of ambrosia
 v - a potion of haste {unknown}
 z - a potion of curing {unknown}
 A - a potion of resistance {unknown}
 E - a potion of flight {unknown}


   Skills:
 + Level 5.5 Fighting
 + Level 7.1 Axes
 + Level 6.2 Armour
 + Level 1.1 Dodging
 + Level 0.4 Stealth
 + Level 4.6 Shields


You had 6 spell levels left.
You didn't know any spells.
Your spell library contained the following spells:

 Spells                   Type           Power      Damage    Failure   Level
 Gell's Gravitas          Tloc           0%         N/A       99%         3
 Teleport Other           Tloc           0%         N/A       99%         3
 Conjure Ball Lightning   Conj/Air       0%         3x3d6     100%        6
 Dispersal                Tloc           0%         N/A       100%        6
 Discord                  Hex            0%         N/A       100%        8
 Disjunction              Tloc           0%         N/A       100%        8


Dungeon Overview and Level Annotations

Branches:
Dungeon (5/15)
 Temple: D:4-7

Altars:
Nemelex Xobeh

Shops:
D:2 !   D:4 !


Innate Abilities, Weirdness & Mutations

You have a pair of horns on your head.
You reflexively headbutt those who attack you in melee.


Message History

* * * LOW HITPOINT WARNING * * *
Things that are here:
a +0 spear; a gnoll corpse It was a potion of cancellation.
You feel magically purged.
* * * LOW HITPOINT WARNING * * *
You feel very sick.
The gnoll sergeant completely misses you.
It was a potion of ambrosia.
You are confused.
You feel invigorated.
* * * LOW HITPOINT WARNING * * *
You feel very sick. The gnoll sergeant barely misses you.
You're too confused to move!
* * * LOW HITPOINT WARNING * * *
You feel very sick. The gnoll sergeant misses you.
* * * LOW HITPOINT WARNING * * *
You feel very sick.
The scorpion stings you but does no damage.
The gnoll sergeant barely misses you.
Things that are here:
a +0 club; a gnoll corpse You feel sick.
The scorpion stings you but does no damage.
The gnoll sergeant hits you with a +1 trident of venom!
* * * LOW HITPOINT WARNING * * *
You are more poisoned.
Things that are here:
a +0 spear; a gnoll corpse
* * * LOW HITPOINT WARNING * * *
You feel very sick.
The scorpion stings you but does no damage.
The gnoll sergeant closely misses you.
You're too confused to move!
* * * LOW HITPOINT WARNING * * *
You feel very sick. The scorpion closely misses you.
The gnoll sergeant hits you from afar with a +1 trident of venom!
You die...

##.##...)#####..#
#...( ##.......#
##.#######....
######...#....#
#..........##
##......#.#....#
##########...
#..######.#....#
###. #.##
#.###### ### #.
(.# #...## ....
#. ###
###..#######?....
#. #
##....@)g......
## ####.s).......
.......####.....
######## ####


You could see a gnoll sergeant and a scorpion.

Vanquished Creatures
  An ice beast (D:5)
  An ogre (D:4)
  A phantom (D:4)
  4 scorpions
  An orc priest (D:3)
  2 iguanas
  An orc wizard (D:3)
  A sleepcap (D:4)
  Robin (D:3)
  3 gnolls (D:5)
  4 adders
  A worm (D:3)
  A dart slug (D:2)
  5 orcs (D:3)
  2 ball pythons
  4 bats
  9 endoplasms
  3 giant cockroaches
  16 goblins
  8 hobgoblins
  5 jackals
  5 quokkas
  3 frilled lizards
  5 kobolds
  7 rats
94 creatures vanquished.

Notes
Turn   | Place    | Note
-------+----------+-------------------------------------------
     0 | D:1      | Babbit the Minotaur Fighter began the quest for the Orb.
     0 | D:1      | Reached XP level 1. HP: 19/19 MP: 0/0
   311 | D:1      | Reached XP level 2. HP: 27/27 MP: 1/1
   688 | D:2      | Reached skill level 3 in Axes
   805 | D:2      | Reached XP level 3. HP: 29/33 MP: 2/2
   947 | D:2      | Found a faded altar of an unknown god.
  1165 | D:2      | Found Heerem's Distillery.
  1170 | D:2      | Bought a potion of heal wounds for 50 gold pieces
  1555 | D:3      | Found a sparkling altar of Nemelex Xobeh.
  1584 | D:3      | Noticed Robin
  1594 | D:3      | Reached XP level 4. HP: 36/40 MP: 3/3
  1598 | D:3      | Killed Robin
  1599 | D:3      | Reached skill level 4 in Axes
  1836 | D:3      | Noticed a scorpion
  1843 | D:3      | Killed a scorpion
  1844 | D:3      | Reached XP level 5. HP: 47/47 MP: 4/4
  2142 | D:3      | Reached skill level 5 in Axes
  2505 | D:4      | Noticed a phantom
  2514 | D:4      | Killed a phantom
  2515 | D:4      | Reached XP level 6. HP: 54/55 MP: 5/5
  2667 | D:4      | Reached skill level 5 in Fighting
  2667 | D:4      | Reached skill level 6 in Axes
  2667 | D:4      | Reached skill level 5 in Armour
  2719 | D:4      | Found Zaolof's Distillery.
  3098 | D:4      | Reached skill level 1 in Dodging
  3371 | D:4      | Reached XP level 7. HP: 53/61 MP: 6/6
  3691 | D:5      | Entered Level 5 of the Dungeon
  3893 | D:5      | Reached skill level 7 in Axes
  3939 | D:5      | HP: 2/61 [gnoll sergeant/+1 trident of venom (10)]
  3941 | D:5      | Mangled by a gnoll sergeant

Illustrated notes

Levels and vault maps discovered:
D:1:      minmay_arrival_nine_rooms, layout_basic,
          chequers_serial_rivers_micro_a
D:2:      layout_loops_corners, serial_shops, shop,
          hellmonk_ecumenical_altar_arch_garden
D:3:      layout_loops_cross, nemelex_xobeh_ov_fountains_minmay,
          minmay_fractal_squares_5, uniq_robin
D:4:      layout_loops_corners, serial_shops, nicolae_lakefront_shop,
          kennysheep_another_room
D:5:      layout_rooms, vehumet_statue

Skill      XL: |  1  2  3  4  5  6  7 |
---------------+----------------------+-----
Fighting       | 4 5 |  5.5
Axes           | 3 4 5 6 7 |  7.1
Armour         | 4 5 6 |  6.2
Shields        | 4 |  4.6
Dodging        | 1 |  1.1
Stealth        | |  0.4

Action                     |  1- 3 |  4- 6 |  7- 9 || total
---------------------------+-------+-------+-------++-------
  Melee: War axe           |    97 |    93 |    43 ||   233
         Headbutt          |     7 |    13 |     8 ||    28
    Use: Scroll            |     2 |       |       ||     2
         Potion            |       |       |     3 ||     3
 Armour: Scale mail        |    57 |    42 |    21 ||   120
  Dodge: Dodged            |    35 |    31 |    24 ||    90
  Block: Buckler           |    22 |    15 |    10 ||    47
